 Dungeon Crawl Stone Soup version 0.18-a0-816-g97f838e (webtiles) character file.

18 cluie the Gusty (level 2, 0/20 HPs)
             Began as a Demonspawn Air Elementalist on Dec 15, 2015.
             Slain by a goblin
             ... wielding a +0 dagger
              (1 damage)
             ... on level 1 of the Dungeon.
             The game lasted 00:01:28 (730 turns).

cluie the Gusty (Demonspawn Air Elementalist)        Turns: 730, Time: 00:01:29

Health: 0/20       AC:  3    Str:  8    XL:     2   Next: 51%
Magic:  5/5        EV: 12    Int: 16    God:
Gold:   51         SH:  0    Dex: 13    Spells: 1 memorised, 4 levels left

rFire  . . .     SeeInvis .     (no weapon)
rCold  . . .     Clarity  .     a - +0 robe
rNeg   . . .     SustAt   .     (no shield)
rPois  .         Gourm    .     k - +1 hat
rElec  .         Spirit   .     (no cloak)
rCorr  .         Dismiss  .     (no gloves)
rMut   .         Stasis   .     (no boots)
MR     .....                    (no amulet)
Stlth  ++........               (no ring)
                                (no ring)

@: not resistant to hostile enchantments, unstealthy
A: claws 1
a: no special abilities


You were on level 1 of the Dungeon.
You were not hungry.

You visited 1 branch of the dungeon, and saw 1 of its levels.

You collected 51 gold pieces.

Inventory:

Armour
 a - a +0 robe (worn)
 k - a +1 hat (worn)
Scrolls
 d - a scroll of fear {unknown}
 e - a scroll of teleportation {unknown}
 f - a scroll of random uselessness {unknown}
 g - a scroll of magic mapping {unknown}
 h - a scroll of recharging {unknown}
Potions
 i - a potion of flight {unknown}
 j - a potion of brilliance {unknown}
Books
 b - a book of Air

   Spells                             Type                      Level
   a - Shock                          Conjuration/Air              1
   b - Swiftness                      Charms/Air                   2
   c - Repel Missiles                 Charms/Air                   2
   d - Static Discharge               Conjuration/Air              3
   e - Lightning Bolt                 Conjuration/Air              5
Comestibles
 c - a bread ration
 l - a meat ration


   Skills:
 + Level 0.6 Fighting
 - Level 1.7 Dodging
 - Level 1.7 Stealth
 + Level 0.1 Unarmed Combat
 + Level 2.1 Spellcasting
 + Level 1.9 Conjurations
 + Level 2.9 Air Magic


You had 4 spell levels left.
You knew the following spells:

 Your Spells              Type           Power        Failure   Level  Hunger
a - Shock                 Conj/Air       #...         10%         1    #......


Dungeon Overview and Level Annotations

Branches:
Dungeon (1/15)

Altars:


Innate Abilities, Weirdness & Mutations

You have sharp fingernails.


Message History

A goblin is nearby!
The goblin shouts!
You scratch the goblin.
The goblin is moderately wounded.
The goblin hits you with a dagger.
* * * LOW HITPOINT WARNING * * *
You are too injured to fight recklessly!
You are too injured to fight recklessly!
You are too injured to fight recklessly!
You are too injured to fight recklessly!
A goblin is nearby!
You are too injured to fight recklessly!
You scratch the goblin.
The goblin is heavily wounded.
The goblin hits you with a dagger.
* * * LOW HITPOINT WARNING * * *
You barely miss the goblin.
The goblin is heavily wounded.
The goblin hits you with a dagger.
You die...

######.)..####### #...#
.(...)....'.(...# #...#
######....#####.# #...# ######
#.# #.†.#
###############.###...###########
..................+..............
################.##...###.#######
##.##...# #.# #.@...### #.#
#.g...# #.# #..[..# #.# # ###'###
##.####### # #.# #......... #
#..#####......... #
................. #
................. #
..................


You could see a goblin.

Vanquished Creatures
  2 goblins (D:1)
  2 hobgoblins (D:1)
  2 jackals (D:1)
  6 kobolds (D:1)
  3 bats (D:1)
  3 rats (D:1)
18 creatures vanquished.

Notes
Turn   | Place    | Note
--------------------------------------------------------------
     0 | D:1      | cluie the Demonspawn Air Elementalist began the quest for the Orb.
     0 | D:1      | Reached XP level 1. HP: 13/13 MP: 3/3
     2 | D:1      | Noticed a human
     2 | D:1      | Noticed a tengu
     4 | D:1      | Noticed a felid
     4 | D:1      | Noticed an elf
     6 | D:1      | Noticed an ogre
    10 | D:1      | Noticed a spriggan
    10 | D:1      | Noticed a centaur
    12 | D:1      | Noticed a demonspawn
    12 | D:1      | Noticed a naga
    14 | D:1      | Noticed a formicid
    16 | D:1      | Noticed a draconian
    16 | D:1      | Noticed a gargoyle
    18 | D:1      | Noticed a dwarf
    18 | D:1      | Noticed a vine stalker
    20 | D:1      | Noticed a ghoul
    22 | D:1      | Noticed a merfolk
    22 | D:1      | Noticed a minotaur
    24 | D:1      | Noticed an octopode
    24 | D:1      | Noticed a troll
    26 | D:1      | Noticed a demigod
    26 | D:1      | Noticed a vampire
   257 | D:1      | Gained mutation: You have sharp fingernails. [demonic ancestry]
   257 | D:1      | Reached XP level 2. HP: 7/20 MP: 3/5
   729 | D:1      | HP: 1/20 [goblin/dagger (2)]
   730 | D:1      | Slain by a goblin

Vault maps used:
D:1:      kb_arrival_jail

Action                   || total
-------------------------++-------
Melee: Dagger            ||     9
       Unarmed           ||    33
 Cast: Shock             ||    12
 Stab: Sleeping          ||     1
